 Dungeon Crawl Stone Soup version 0.22-a0-825-ga28c36f (webtiles) character file.

33778 Amnesiac the Geomancer (level 13, -1/91 HPs)
             Began as a Mummy Earth Elementalist on July 24, 2018.
             Was a High Priest of Vehumet.
             Slain by a black mamba (16 damage)
             ... on level 5 of the Lair of Beasts.
             The game lasted 00:44:54 (18081 turns).

Amnesiac the Geomancer (Mummy Earth Elementalist)  Turns: 18081, Time: 00:44:55

Health: -1/91      AC:  9    Str: 12    XL:     13   Next: 38%
Magic:  39/47      EV: 13    Int: 26    God:    Vehumet [*****.]
Gold:   1048       SH:  6    Dex:  7    Spells: 9/36 levels left

rFire    x . .     SeeInvis .   a - +0 mace of Execution {freeze, rC++ MP+9 Int+2 Dex-5}
rCold    + + .     Gourm    .   x - +2 buckler
rNeg     + + +     Faith    .   C - +1 robe "Qumysop" {rElec rC- Int+5}
rPois    ∞         Spirit   .   B - +1 helmet
rElec    +         Reflect  .   s - +0 cloak
rCorr    .         Harm     +   e - +0 pair of gloves
MR       ++...                  G - +1 pair of boots {Fly}
Stlth    +.........             o - amulet of harm
HPRegen  0.25/turn              q - ring of protection from magic
MPRegen  0.30/turn              I - ring of magical power

@: flying
A: no food or potions, fire vulnerability, cold resistance 1, negative energy
resistance 3, torment resistance, unbreathing, in touch with death 1
a: Renounce Religion, Stop Flying


You were on level 5 of the Lair of Beasts.
You worshipped Vehumet.
Vehumet was extremely pleased with you.
You were not hungry.

You visited 2 branches of the dungeon, and saw 15 of its levels.
You also visited: Labyrinth.

You collected 1048 gold pieces.

Inventory:

Hand Weapons
 a - the +0 mace of Execution (weapon) {freeze, rC++ MP+9 Int+2 Dex-5}
   (You took it off a big kobold on level 7 of the Dungeon)

   It has been specially enchanted to freeze those struck by it, causing extra
   injury to most foes and up to half again as much damage against particularly
   susceptible opponents.
   It can also slow down cold-blooded creatures.
   It affects your intelligence (+2).
   It affects your dexterity (-5).
   It greatly protects you from cold.
   It affects your magic capacity (+9).
 b - a +7 blowgun
Missiles
 d - 448 stones (quivered)
 m - 42 poisoned needles
 y - 121 sling bullets
Armour
 e - a +0 pair of gloves (worn)
 s - a +0 cloak (worn)
 x - a +2 buckler (worn)
 B - a +1 helmet (worn)
 C - the +1 robe "Qumysop" (worn) {rElec rC- Int+5}
   (You found it on level 8 of the Dungeon)

   It affects your intelligence (+5).
   It makes you vulnerable to cold.
   It insulates you from electricity.
 F - a +0 shield
 G - a +1 pair of boots of flying (worn)
Jewellery
 i - an uncursed ring of see invisible
 o - an amulet of harm (around neck)
 q - a ring of protection from magic (left hand)
 D - an uncursed amulet of magic regeneration
 I - a ring of magical power (right hand)
Wands
 c - a wand of polymorph (35)
 n - a wand of digging (22)
 p - a wand of paralysis (14)
 r - a wand of disintegration (9)
 u - a wand of enslavement (14)
 z - a wand of flame (41)
 H - a wand of clouds (6)
Scrolls
 f - a scroll of summoning {!r}
 g - a scroll of enchant weapon {!r}
 h - a scroll of remove curse {!r}
 j - 2 scrolls of fog {!r}
 k - 4 scrolls of enchant armour {!r}
 l - 2 scrolls of magic mapping {!r}
 t - 2 scrolls of identify {!r}
 v - 7 scrolls of teleportation {!r}
 A - 2 scrolls of blinking {!r}
 E - 2 scrolls of amnesia {!r}


   Skills:
 - Level 5.0 Fighting
 - Level 5.0 Dodging
 - Level 1.5 Stealth
 - Level 5.0 Shields
 + Level 12.4 Spellcasting
 - Level 5.2 Conjurations
 - Level 5.0 Transmutations
 * Level 12.5 Earth Magic
 - Level 5.0 Evocations


You had 9 spell levels left.
You knew the following spells:

 Your Spells              Type           Power        Failure   Level  Hunger
a - Sandblast             Erth           ######       0%          1    N/A
b - Passwall              Tmut/Erth      ######..     1%          2    N/A
c - Stone Arrow           Conj/Erth      ######       1%          3    N/A
d - Lee's Rapid Deconstr  Erth           ######....   1%          5    N/A
e - Petrify               Tmut/Erth      ######..     1%          4    N/A
f - Yara's Violent Unrav  Hex/Tmut       ####......   10%         5    N/A
v - Blink                 Tloc           N/A          5%          2    N/A
w - Irradiate             Conj/Tmut      #####.....   3%          5    N/A

Your spell library contained the following spells:

 Spells                   Type           Power        Failure   Level  Hunger
 Cause Fear               Hex            ###.......   34%         4    N/A
 Magic Dart               Conj           ####         1%          1    N/A
 Conjure Flame            Conj/Fire      ####....     1%          3    N/A
 Bolt of Fire             Conj/Fire      ####......   41%         6    N/A
 Slow                     Hex            ###.....     5%          2    N/A
 Confuse                  Hex            ###.....     11%         3    N/A
 Mephitic Cloud           Conj/Pois/Air  ####....     1%          3    N/A
 Venom Bolt               Conj/Pois      ####......   9%          5    N/A
 Olgreb's Toxic Radiance  Pois           ###.....     10%         4    N/A
 Summon Horrible Things   Summ           ###.......   100%        8    N/A
 Call Imp                 Summ           ###.....     5%          2    N/A
 Regeneration             Chrm/Necr      ###.......   11%         3    N/A
 Sting                    Conj/Pois      ####         1%          1    N/A
 Summon Greater Demon     Summ           ###.......   100%        7    N/A
 Statue Form              Tmut/Erth      ######...    16%         6    N/A
 Dragon Form              Tmut           #####.....   98%         7    N/A
 Confusing Touch          Hex            ###...       3%          1    N/A
 Flame Tongue             Conj/Fire      ####.        1%          1    N/A
 Metabolic Englaciation   Hex/Ice        ###.......   69%         5    N/A
 Portal Projectile        Hex/Tloc       ###...       11%         3    N/A
 Monstrous Menagerie      Summ           ###.......   100%        7    N/A
 Malign Gateway           Summ/Tloc      ###.......   100%        7    N/A
 Shroud of Golubria       Chrm/Tloc      ###.......   5%          2    N/A
 Infusion                 Chrm           ###.         3%          1    N/A
 Song of Slaying          Chrm           ###.....     5%          2    N/A
 Spectral Weapon          Hex/Chrm       ###.....     11%         3    N/A
 Dragon's Call            Summ           ###.......   100%        9    N/A
 Hydra Form               Tmut           #####.....   56%         6    N/A
 Gell's Gravitas          Tloc           ###.......   11%         3    N/A
 Poisonous Vapours        Pois/Air       ###...       5%          2    N/A

Dungeon Overview and Level Annotations

Branches:
Dungeon (10/15)            Temple (0/1) D:5            Lair (5/6) D:10
 Shoals (0/4) Lair:3       Spider (0/4) Lair:2          Orc (0/2) D:10
  Slime: Lair:5-6

Altars:
Ashenzari
Cheibriados
Kikubaaqudgha
Nemelex Xobeh
Qazlal
Ru
Trog
Vehumet
Xom
Yredelemnul
Zin

Shops:
D:10 (

Annotations:
Lair:2 Aviak's ghost, journeyman HOFi
Lair:4 Yryinuk's ghost, journeyman NaWz


Innate Abilities, Weirdness & Mutations

You do not eat or drink.
Your flesh is vulnerable to fire.
You are immune to poison.
Your flesh is cold resistant. (rC+)
You are immune to negative energy. (rN+++)
You are immune to unholy pain and torment.
You can survive without breathing.
You are in touch with the powers of death.


Message History

A bullfrog, a spiny frog and 3 blink frogs come into view.
The blink frog croaks. x2
The spiny frog gives a loud, deep croak!
The bullfrog gives a loud, deep croak!
You hear a loud, deep croak!
You hear a howl!
You hear an angry hiss. x2; You hear a howl!
You hear a bellow!
You hear a howl!
You hear a croak. x2
There is a stone staircase leading up here.
Casting: Passwall (safe; 1% risk of failure)
Confirm with . or Enter, or press ? or * to list all spells.
Aiming: Lee's Rapid Deconstruction (safe; 1% risk of failure)
Press: ? - help, Dir - move target cursor A granite statue.
The statue shatters!
The blast of rock fragments hits the blink frog.
The blink frog is severely wounded.
The blast of rock fragments hits the blink frog.
You kill the blink frog!
Vehumet accepts your kill.
You hear a howl! x2; You hear an angry hiss.
A wolf comes into view.
The blink frog hits you!
The blink frog blinks!
The blink frog hits you!
* * * LOW HITPOINT WARNING * * *
The blink frog blinks!
Unknown command.
A bullfrog comes into view.
A water moccasin comes into view.
The blink frog blinks!
The bullfrog croaks.
The bullfrog closely misses you.
A black mamba comes into view.
You block the bullfrog's attack. The bullfrog hits you.
* * * LOW HITPOINT WARNING * * *
The black mamba closely misses you.
The blink frog blinks!
The black mamba barely misses you.
Evoke which item? (* to show all) (? for menu, Esc to quit)
Aiming: Dig
Press: ? - help, Shift-Dir - straight line A rock wall.
The rock shatters into small pieces.
The black mamba bites you!
* * * LOW HITPOINT WARNING * * *
A komodo dragon comes into view.
The bullfrog hits you!
* * * LOW HITPOINT WARNING * * *
The black mamba bites you but does no damage.
Casting: Lee's Rapid Deconstruction (safe; 1% risk of failure)
Confirm with . or Enter, or press ? or * to list all spells.
Aiming: Lee's Rapid Deconstruction (safe; 1% risk of failure)
Press: ? - help, Dir - move target cursor A rock wall.
The wall shatters!
The blast of rock fragments hits the bullfrog.
You kill the bullfrog!
Vehumet accepts your kill.
The blast of rock fragments hits the black mamba.
The black mamba is almost dead.
The blast of rock fragments hits the bullfrog.
You kill the bullfrog!
Vehumet accepts your kill.
You hear an angry hiss.
You hear a bellow!
You hear a howl! x2
The black mamba bites you.
* * * LOW HITPOINT WARNING * * *
The black mamba bites you!
You die...

#.#l##....
#...#...#
##..#..#
#......#
##..#<.8#
#..S#...#
###h##F.#
##SF.#..h.
#@#..##..(.
#.###F.##.....
#.# ..!#!....
#.# .#..##.).
#.# ##...# #.#
#... #.# .. ##


You could see a black mamba, a blink frog, a water moccasin and a wolf.

Vanquished Creatures
  A minotaur (Lab)
  The ghost of Foll the Nimble, a journeyman OpFi of Cheibriados (Lair:3)
  A dancing weapon (Lair:4)
  3 two-headed ogres
  5 death yaks (Lair:4)
  An orb spider (Lair:2)
  6 oklob plants (Lair:2)
  A manticore (Lair:2)
  A black mamba (Lair:3)
  10 spiny frogs
  2 rime drakes
  5 komodo dragons
  A queen bee (Lair:2)
  2 trolls
  7 blink frogs
  A snapping turtle (Lair:3)
  5 hippogriffs
  Sigmund (D:4)
  18 yaks
  A vampire (D:9)
  A shadow (Lab)
  8 wyverns
  3 hungry ghosts
  8 basilisks
  A soldier ant (D:10)
  9 porcupines
  17 water moccasins
  3 ice beasts
  8 orc warriors
  A sky beast (D:5)
  4 black bears
  A necrophage (D:6)
  2 phantoms
  4 centaurs
  2 ogres
  10 wolves
  6 crocodiles
  A big kobold (D:7)
  6 bullfrogs
  6 scorpions
  A water moccasin skeleton (D:6)
  A wight (D:9)
  37 killer bees
  A howler monkey (D:5)
  A quasit (D:10)
  A crimson imp (D:5)
  5 hounds
  A jelly (D:8)
  4 orc priests
  A bullfrog skeleton (D:10)
  4 orc wizards
  3 iguanas (D:10)
  6 worker ants
  A hell rat (Lair:2)
  A hound zombie (D:9)
  2 hound skeletons
  Robin (D:2)
  8 gnolls (D:7)
  17 adders
  2 oozes (D:2)
  5 adder skeletons
  2 worms
  2 dart slugs
  6 leopard geckos
  33 orcs
  8 bats
  6 giant cockroaches
  17 goblins
  16 hobgoblins
  7 jackals
  14 kobolds
  5 quokkas
  A ball python (D:3)
  7 frilled lizards
  A leopard gecko skeleton (D:5)
  5 rats
  4 fungi
  A plant (Lair:2)
412 creatures vanquished.

Vanquished Creatures (others)
  17 fungi
  12 plants
  6 withered plants (Lair:3)
35 creatures vanquished.

Grand Total: 447 creatures vanquished

Notes
Turn   | Place    | Note
-------+----------+-------------------------------------------
     0 | D:1      | Amnesiac the Mummy Earth Elementalist began the quest for the Orb.
     0 | D:1      | Reached XP level 1. HP: 13/13 MP: 4/4
   211 | D:2      | Reached XP level 2. HP: 19/19 MP: 2/5
   215 | D:2      | Learned a level 2 spell: Passwall
   342 | D:4      | Found a basalt altar of Yredelemnul.
   399 | D:4      | Noticed an ogre
   427 | D:4      | Killed an ogre
   427 | D:4      | Reached XP level 3. HP: 20/24 MP: 0/8
   427 | D:4      | Reached XP level 4. HP: 26/30 MP: 0/9
   435 | D:4      | Learned a level 3 spell: Stone Arrow
   440 | D:4      | Learned a level 4 spell: Petrify
   510 | D:5      | Entered Level 5 of the Dungeon
   566 | D:4      | Noticed Sigmund
   596 | D:4      | Killed Sigmund
   596 | D:4      | Reached XP level 5. HP: 10/35 MP: 4/12
   596 | D:4      | Reached XP level 6. HP: 12/41 MP: 4/13
   806 | D:3      | Found a radiant altar of Vehumet.
   814 | D:3      | Became a worshipper of Vehumet
  1462 | D:1      | Reached skill level 5 in Spellcasting
  1978 | D:2      | Noticed Robin
  1982 | D:2      | Killed Robin
  1982 | D:2      | Reached skill level 5 in Earth Magic
  2025 | D:2      | Reached * piety under Vehumet
  2025 | D:2      | Offered knowledge of Freeze by Vehumet.
  3130 | D:2      | Reached ** piety under Vehumet
  3130 | D:2      | Offered knowledge of Sting by Vehumet.
  3324 | D:2      | Reached XP level 7. HP: 46/46 MP: 15/15
  3597 | D:3      | Found a bloodstained altar of Trog.
  4617 | D:5      | Got an ancient chain mail
  4714 | D:5      | Found a staircase to the Ecumenical Temple.
  4756 | D:5      | Identified the +5 chain mail of Veus {+Fly MR+ Str-2 Dex+2} (You found it on level 5 of the Dungeon)
  4780 | D:5      | Offered knowledge of Ignite Poison by Vehumet.
  4915 | D:5      | Reached *** piety under Vehumet
  4943 | D:5      | Learned a level 5 spell: Lee's Rapid Deconstruction
  5007 | D:5      | Found a sacrificial altar of Ru.
  5007 | D:5      | Found a shattered altar of Ashenzari.
  5288 | D:6      | Reached XP level 8. HP: 52/52 MP: 18/18
  5385 | D:6      | Reached skill level 1 in Shields
  6586 | D:7      | Found a snail-covered altar of Cheibriados.
  6620 | D:7      | Found a glowing silver altar of Zin.
  6621 | D:7      | Noticed an angel
  6880 | D:7      | Offered knowledge of Conjure Flame by Vehumet.
  6904 | D:7      | Got a bloodstained mace {freeze}
  6923 | D:7      | Identified the +0 mace of Execution {freeze, rC++ MP+9 Int+2 Dex-5} (You took it off a big kobold on level 7 of the Dungeon)
  6953 | D:7      | Found a sparkling altar of Nemelex Xobeh.
  7116 | D:8      | Found a stormy altar of Qazlal.
  7177 | D:8      | Reached XP level 9. HP: 57/57 MP: 21/21
  7318 | D:8      | Noticed a two-headed ogre
  7335 | D:8      | Killed a two-headed ogre
  7575 | D:8      | Got a distressingly furry robe
  7586 | D:8      | Identified the cursed +1 robe "Qumysop" {rElec rC- Int+5} (You found it on level 8 of the Dungeon)
  7920 | D:8      | Got a slimy great sword
  8052 | D:8      | Noticed a two-headed ogre
  8062 | D:8      | Killed a two-headed ogre
  8291 | D:9      | Reached XP level 10. HP: 35/63 MP: 19/23
  8316 | D:9      | Reached **** piety under Vehumet
  8740 | D:9      | Noticed a two-headed ogre
  8744 | D:9      | Killed a two-headed ogre
  8744 | D:9      | Reached skill level 10 in Spellcasting
  8744 | D:9      | Reached skill level 10 in Earth Magic
  8842 | D:9      | Offered knowledge of Iskenderun's Battlesphere by Vehumet.
  8958 | D:9      | Identified the cursed +1 great sword of Overwhelming Force {elec, rElec rN+ Int-5} (You found it on level 8 of the Dungeon)
  9347 | D:9      | Found an ancient bone altar of Kikubaaqudgha.
  9352 | D:9      | Reached skill level 1 in Fighting
  9932 | D:10     | Entered Level 10 of the Dungeon
 10237 | D:10     | Reached skill level 5 in Fighting
 10240 | D:10     | Reached skill level 1 in Evocations
 10311 | D:10     | Reached XP level 11. HP: 76/79 MP: 14/25
 10507 | D:10     | Found a staircase to the Lair.
 10524 | D:10     | Reached ***** piety under Vehumet
 10674 | D:10     | Offered knowledge of Bolt of Cold by Vehumet.
 10698 | D:10     | Found a staircase to the Orcish Mines.
 10836 | D:10     | Found Tetivod's Weapon Shoppe.
 11093 | Lair:1   | Entered Level 1 of the Lair of Beasts
 11293 | Lair:1   | Found a labyrinth entrance.
 11493 | Lab      | Entered a labyrinth
 12087 | Lab      | Noticed a minotaur
 12096 | Lab      | Killed a minotaur
 12602 | Lair:2   | Reached skill level 5 in Evocations
 13082 | Lair:2   | Reached XP level 12. HP: 78/86 MP: 1/27
 13459 | Lair:2   | Reached skill level 5 in Dodging
 13459 | Lair:2   | Reached skill level 5 in Shields
 13612 | Lair:2   | Identified Sif Muna's Papyrus of Quantum Moulding
 13627 | Lair:2   | Learned a level 2 spell: Blink
 13633 | Lair:2   | Learned a level 5 spell: Yara's Violent Unravelling
 13722 | Lair:2   | Reached skill level 1 in Transmutations
 14006 | Lair:2   | Learned a level 5 spell: Irradiate
 14023 | Lair:2   | Found a hole to the Spider Nest.
 14546 | Lair:3   | Reached skill level 1 in Conjurations
 14813 | Lair:3   | Found a runed gate.
 14813 | Lair:3   | Found a runed gate.
 14813 | Lair:3   | Found a runed gate.
 14817 | Lair:3   | Noticed Aviak's ghost (journeyman HOFi)
 14823 | Lair:3   | Noticed Foll's ghost (journeyman OpFi)
 14922 | Lair:3   | Offered knowledge of Iron Shot by Vehumet.
 15412 | Lair:3   | Found a staircase to the Shoals.
 15758 | Lair:3   | Killed Foll's ghost
 15758 | Lair:3   | Gained mutation: You are in touch with the powers of death. [Mummy growth]
 15758 | Lair:3   | Reached XP level 13. HP: 59/91 MP: 29/29
 16428 | Lair:4   | Reached skill level 5 in Transmutations
 16561 | Lair:4   | Found a runed door.
 16563 | Lair:4   | Found a shimmering altar of Xom.
 16563 | Lair:4   | Noticed Yryinuk's ghost (journeyman NaWz)
 16576 | Lair:4   | Reached skill level 5 in Conjurations
 18081 | Lair:5   | Slain by a black mamba

Vault maps used:
D:1:      matt_arrival_debris, serial_bayou_lagoon_a
D:2:      minivault_14, minmay_hexomino_p4, uniq_robin
D:3:      nicolae_overflow_hidden_temple, first_ration,
          grunt_decor_mini_mirrors, trog_book
D:4:      kennysheep_mini, uniq_sigmund
D:5:      chequers_temple_overflow_statue_of_worship, temple_green
D:6:      serial_aquarium, aquarium_bridge_long_joined,
          aquarium_window_corridor_3, aquarium_window_fake,
          aquarium_window_corner, aquarium_view_2e, aquarium_view_2c
D:7:      zin_angel, nicolae_overflow_crystal_walls, old_standard_altar
D:8:      grunt_qazlal_sundering
D:9:      minmay_four_partial_circles, kiku_gazebo_pond_becter, grunt_decor_cap,
          grunt_pizzeria
D:10:     minmay_lair_entry_grove, orc_david_3
Lair:1:   lab_entry_generic, infiniplex_staircase_pool_2
Lair:2:   hangedman_what_comes_after_a, nicolae_spider_entry_orb_guardian,
          st_stairs_7, minmay_lair_oklob_chamber, serial_bayou_shore_a
Lair:3:   minmay_shoals_entry_hut, gammafunk_ghost_cemetery, beast_lair_carwin_4
Lair:4:   ebering_ghost_xom, beast_lair_carwin_8
Lair:5:   lemuel_reptile_caves, grunt_megastairs_5
Lab:      nicolae_lab_garden

Skill      XL: |  1  2  3  4  5  6  7  8  9 10 11 12 13 |
---------------+----------------------------------------+-----
Spellcasting   | 3 4 5 7 8 9 10 11 12 | 12.4
Earth Magic    | 3 4 5 6 8 9 10 11 12 | 12.5
Shields        | 2 4 5 |  5.0
Dodging        | 4 5 |  5.0
Fighting       | 5 |  5.0
Evocations     | 1 5 |  5.0
Transmutations | 4 5 |  5.0
Conjurations   | 4 5 |  5.2
Stealth        | |  1.5

Action                   |  1- 3 |  4- 6 |  7- 9 | 10-12 | 13-15 || total
-------------------------+-------+-------+-------+-------+-------++-------
Melee: Unarmed           |     2 |       |       |       |       ||     2
       Dagger            |       |   156 |       |       |       ||   156
       Mace              |       |       |    14 |    41 |       ||    55
 Fire: Hunting sling     |       |    91 |   290 |     6 |       ||   387
       Blowgun           |       |       |    59 |       |       ||    59
 Cast: Sandblast         |    29 |    43 |    11 |    54 |     5 ||   142
       Passwall          |       |     2 |       |     2 |       ||     4
       Lee's Rapid Decon |       |       |    23 |   245 |    62 ||   330
       Petrify           |       |       |       |     5 |     2 ||     7
Evoke: Wand              |       |       |       |     2 |     1 ||     3
  Use: Scroll            |       |     1 |    15 |     3 |     3 ||    22
 Stab: Sleeping          |       |     8 |       |       |       ||     8
Armor: Robe              |     3 |    22 |    47 |    22 |     6 ||   100
       Ring mail         |       |       |    17 |       |       ||    17
Dodge: Dodged            |    17 |   130 |    99 |    69 |    10 ||   325
Block: Buckler           |       |       |    24 |    37 |     4 ||    65

Table legend:
 A = Spawn XP
 B = Non-spawn XP
 C = Spawn XP percentage of total XP
 D = Spawn monster count
 E = Non-spawn monster count
 F = Spawn count percentage of total count
 G = Total turns spent on level
                    A         B        C        D         E        F      G
               +---------+---------+-------+---------+---------+-------+---------
         Total |       0 |   48255 |   0.0 |       0 |     407 |   0.0 | 18081
               +---------+---------+-------+---------+---------+-------+---------
           D:1 |       0 |      41 |   0.0 |       0 |      21 |   0.0 |  1188
           D:2 |       0 |     132 |   0.0 |       0 |      39 |   0.0 |  1225
           D:3 |       0 |     324 |   0.0 |       0 |      49 |   0.0 |  1203
           D:4 |       0 |     355 |   0.0 |       0 |       8 |   0.0 |   844
           D:5 |       0 |     516 |   0.0 |       0 |      19 |   0.0 |   711
           D:6 |       0 |     714 |   0.0 |       0 |      14 |   0.0 |  1179
           D:7 |       0 |     510 |   0.0 |       0 |      17 |   0.0 |   753
           D:8 |       0 |    3272 |   0.0 |       0 |      23 |   0.0 |  1542
           D:9 |       0 |    3248 |   0.0 |       0 |      26 |   0.0 |  1287
          D:10 |       0 |    3520 |   0.0 |       0 |      40 |   0.0 |  1161
        Lair:1 |       0 |    2636 |   0.0 |       0 |      13 |   0.0 |  1179
        Lair:2 |       0 |   14026 |   0.0 |       0 |      78 |   0.0 |  1810
        Lair:3 |       0 |    7466 |   0.0 |       0 |      29 |   0.0 |  1604
        Lair:4 |       0 |    9351 |   0.0 |       0 |      24 |   0.0 |  1741
        Lair:5 |       0 |     447 |   0.0 |       0 |       3 |   0.0 |     9
           Lab |       0 |    1697 |   0.0 |       0 |       4 |   0.0 |   645
               +---------+---------+-------+---------+---------+-------+---------
